 Dungeon Crawl Stone Soup version 0.29-a0-962-gc8bbfd0a37 (webtiles) character file.

Game seed: 15680270941451116095

41 iNeverSafe the Poker (level 3, 0/35 HPs)
             Began as a Troll Gladiator on July 31, 2022.
             Slain by an orc
             ... wielding a +0 club
              (1 damage)
             ... on level 3 of the Dungeon.
             The game lasted 00:05:39 (633 turns).

iNeverSafe the Poker (Troll Gladiator)               Turns: 633, Time: 00:05:39

Health: 0/35       AC:  2    Str: 24    XL:     3   Next: 32%
Magic:  2/2        EV: 10    Int:  4    God:
Gold:   54         SH:  0    Dex: 11    Spells: 2/2 levels left

rFire   . . .      SeeInvis .   a - +0 trident
rCold   . . .      Faith    .   (no shield)
rNeg    . . .      Spirit   .   (body armour restricted)
rPois   .          Reflect  .   c - +0 hat
rElec   .          Harm     .   (no cloak)
rCorr   .          Rampage  .   (gloves unavailable)
Will    .....                   (boots unavailable)
Stlth   +.........              (no amulet)
HPRegen 0.91/turn               (no ring)
MPRegen 0.08/turn               (no ring)

@: no status effects
A: large, unfitting armour, claws 3, regeneration 1, shaggy fur 1, tough skin 1
a: no special abilities


You were on level 3 of the Dungeon.
You visited 1 branch of the dungeon, and saw 3 of its levels.

You collected 54 gold pieces.

Inventory:

Hand Weapons
 a - a +0 trident (weapon)
 i - a +0 whip
Missiles
 d - 3 throwing nets (quivered)
 e - a large rock
Armour
 b - a +0 ring mail
 c - a +0 hat (worn)
Scrolls
 g - a scroll of blinking {unknown}
 h - a scroll of amnesia {unknown}
Potions
 f - a potion of curing {unknown}


   Skills:
 + Level 1.8 Fighting
 + Level 3.0 Polearms
 + Level 1.9 Throwing
 + Level 2.9 Dodging
 + Level 0.2 Stealth


You had 2 spell levels left.
You didn't know any spells.
Your spell library was empty.

Dungeon Overview and Level Annotations

Branches:
Dungeon (3/15)

Altars:


Innate Abilities, Weirdness & Mutations

You are too large for most types of armour.
You have claws for hands.
Your natural rate of healing is unusually fast.
You are covered in fur. (AC +1)
You have tough skin. (AC +1)


Message History

The orc priest mumbles some strange prayers to Beogh against you.
Beogh smites you!
The orc shouts!
You miss something. The bat barely misses you.
The bat hits you but does no damage. The orc closely misses you.
You hear some strange, mumbled words.
You are confused.
The orc priest attacks as you move away!
The orc priest barely misses you. Something hits you.
The bat barely misses you. The orc hits you with a +0 whip.
The orc attacks as you move away! The orc hits you with a +0 whip.
* * * LOW HITPOINT WARNING * * *
The bat hits you but does no damage.
You puncture the orc priest!
The orc priest is heavily wounded.
The bat hits you. The orc completely misses you.
The orc attacks as you move away! The orc barely misses you.
The bat hits you but does no damage. The orc priest completely misses you.
You closely miss the orc. The bat barely misses you.
The orc priest barely misses you. The orc hits you with a +0 whip.
You completely miss the orc.
You feel less confused. The bat hits you but does no damage.
The bat misses you. The orc hits you with a +0 whip.
* * * LOW HITPOINT WARNING * * *
You barely miss the orc. The bat hits you but does no damage.
The orc priest hits you with a +0 flail.
* * * LOW HITPOINT WARNING * * *
The orc closely misses you. The orc barely misses you.
You barely miss the orc. The bat hits you.
* * * LOW HITPOINT WARNING * * *
The orc hits you with a +0 club.
* * * LOW HITPOINT WARNING * * *
The orc priest misses you. The orc hits you but does no damage.
You hear some strange, mumbled words.
A magic dart appears from out of thin air!
The magic dart hits you.
* * * LOW HITPOINT WARNING * * *
The orc hits you with a +0 club.
You die...

### ########
...## ##..<.(.##
.....##........##
#............#
##...†.......#
#.......b...# .
##.....{....#...
###.....o@.......
........oo..##...
##......!...#...
................
.............#..
.............# ..
.##..............
#.............
.............#.


You could see an orc priest, 2 orcs and a bat.

Vanquished Creatures
  2 adders (D:2)
  2 worms (D:2)
  2 dart slugs (D:2)
  An endoplasm (D:1)
  2 goblins
  2 quokkas
  2 bats
  A frilled lizard (D:2)
  A rat (D:2)
15 creatures vanquished.

Notes
Turn   | Place    | Note
-------+----------+-------------------------------------------
     0 | D:1      | iNeverSafe the Troll Gladiator began the quest for the Orb.
     0 | D:1      | Reached XP level 1. HP: 19/19 MP: 0/0
    66 | D:1      | You fall into a shaft and drop 1 floor!
   138 | D:2      | Reached XP level 2. HP: 19/28 MP: 1/1
   498 | D:2      | Reached XP level 3. HP: 35/35 MP: 2/2
   601 | D:3      | Reached skill level 3 in Polearms
   633 | D:3      | HP: 1/35 [something/magic dart (6)]
   633 | D:3      | Slain by an orc

Illustrated notes

Levels and vault maps discovered:
D:1:      spicycebolla_green_bress_n_ham, layout_basic,
          ebering_ecumenical_altar_rust, minmay_quantized
D:2:      layout_basic, grunt_decor_cap, chequers_serial_rivers_marsh
D:3:      layout_rooms, grunt_temple_overflow_gold_and_silver,
          gup_sewer_entry_spiral, uniq_robin

Skill      XL: |  1  2  3 |
---------------+----------+-----
Polearms       | 3 |  3.0
Fighting       | |  1.8
Throwing       | |  1.9
Dodging        | |  2.9
Stealth        | |  0.2

Action                   || total
-------------------------++-------
Melee: Trident           ||    56
       Punch             ||     1
  Use: Scroll            ||     1
Armor: Skin              ||    17
       Robe              ||     1
Dodge: Dodged            ||    44

Table legend: (Time is in decaauts)
 A = Elapsed time spent in this place.
 B = Non-inter-level travel time spent in this place.
 C = Inter-level travel time spent in this place.
 D = Time resting spent in this place.
 E = Time spent auto-exploring this place.
 F = Levels seen in this place.
 G = Mean time per level.
                   A        B        C        D        E       F      G
               +--------+--------+--------+--------+--------+-----+--------+
         Total |    641 |    176 |    465 |      0 |     16 |   3 |  213.7 |
       Dungeon |    641 |    176 |    465 |      0 |     16 |   3 |  213.7 |
               +--------+--------+--------+--------+--------+-----+--------+

Top non-repeatable levels by time:
     D:2: 507 daAuts
     D:1: 95 daAuts
     D:3: 38 daAuts
